 Dungeon Crawl Stone Soup version 0.19.0-17-g07987d3 (webtiles) character file.

127 kroki the Insei (level 4, -2/31 HPs)
             Began as a Vampire Transmuter on Nov 10, 2016.
             Slain by a gnoll (8 damage)
             ... on level 3 of the Dungeon.
             The game lasted 00:03:28 (2933 turns).

kroki the Insei (Vampire Transmuter)                Turns: 2933, Time: 00:03:29

Health: -2/31      AC:  2    Str:  9    XL:     4   Next: 85%
Magic:  16/16      EV: 13    Int: 15    God:
Gold:   113        SH:  0    Dex: 15    Spells: 3 memorised, 1 level left

rFire  . . .     SeeInvis +       - Unarmed
rCold  . . .     Gourm    .     b - +0 robe
rNeg   . . .     Faith    .     (no shield)
rPois  .         Spirit   .     (no helmet)
rElec  .         Reflect  .     (no cloak)
rCorr  .         Harm     .     (no gloves)
MR     .....                    (no boots)
Stlth  +.........               (no amulet)
                                (no ring)
                                k - ring of magical power {MP+9}

@: regenerating quickly
A: fangs 3, see invisible, unbreathing
a: no special abilities


You were on level 3 of the Dungeon.
You were full.

You visited 1 branch of the dungeon, and saw 3 of its levels.

You collected 113 gold pieces.

Inventory:

Missiles
 a - 51 arrows
Armour
 b - a +0 robe (worn)
 i - a +0 ring mail
   (You found it on level 1 of the Dungeon)
Jewellery
 k - a ring of magical power (left hand) {MP+9}
   (You found it on level 2 of the Dungeon)
Potions
 d - 2 potions of blood {@q1}
 e - a potion of flight
 h - a potion of heal wounds
 j - a potion of invisibility
 l - a potion of degeneration {!q}
Books
 c - a book of Changes


   Skills:
 - Level 0.8 Fighting
 - Level 2.1 Dodging
 - Level 4.9 Unarmed Combat
 - Level 2.0 Spellcasting
 + Level 2.8 Transmutations
 - Level 2.4 Poison Magic


You had one spell level left.
You knew the following spells:

 Your Spells              Type           Power        Failure   Level  Hunger
a - Beastly Appendage     Tmut           #.....       10%         1    #......
c - Spider Form           Tmut/Pois      #.........   24%         3    ###....
s - Sticks to Snakes      Tmut           #.......     12%         2    ###....


Dungeon Overview and Level Annotations

Branches:
Dungeon (3/15)

Altars:


Innate Abilities, Weirdness & Mutations

Your natural rate of healing is unusually fast.
You have razor-sharp teeth.
You have supernaturally acute eyesight. (SInv)
You can survive without breathing.


Message History

You kill the adder!
Unknown command.
A giant cockroach comes into view.
You feel sick.
You see here an adder corpse.
You take 1 damage, and have 26/31 hp.
A giant cockroach is nearby!
The giant cockroach bites you.
You take 1 damage, and have 26/31 hp.
Unknown command.
A giant cockroach is nearby!
You hit the giant cockroach. The giant cockroach closely misses you.
A giant cockroach is nearby!
You closely miss the giant cockroach.
You feel sick. The giant cockroach misses you.
A giant cockroach is nearby!
You closely miss the giant cockroach. The giant cockroach bites you.
You take 2 damage, and have 24/31 hp.
A giant cockroach is nearby!
You are too injured to fight recklessly!
You barely miss the giant cockroach. The giant cockroach misses you.
The giant cockroach closely misses you.
You hit the giant cockroach but do no damage.
The giant cockroach barely misses you.
A giant cockroach is nearby!
You are too injured to fight recklessly!
You barely miss the giant cockroach.
You feel sick. The giant cockroach bites you.
You take 1 damage, and have 23/31 hp.
A giant cockroach is nearby!
You are too injured to fight recklessly!
Unknown command.
You barely miss the giant cockroach.
The giant cockroach completely misses you.
A giant cockroach is nearby!
You are too injured to fight recklessly!
Unknown command.
You barely miss the giant cockroach. The giant cockroach bites you.
A giant cockroach is nearby!
You are too injured to fight recklessly!
You take 2 damage, and have 21/31 hp.
You hit the giant cockroach.
You kill the giant cockroach!
You feel sick.
You feel sick.
You are no longer poisoned.
You bottle the corpse's blood.
d - 2 potions of blood {@q1} (gained 1)
A gnoll comes into view.
Found a stone staircase leading down.
The gnoll shouts!
Health restored: 31; MP restored: 16 A gnoll is nearby!
A gnoll is nearby!
A gnoll comes into view. It is wielding a spear.
There are monsters nearby!
The gnoll moves out of view.
A gnoll is nearby!
A hobgoblin comes into view.
The hobgoblin shouts!
You hit the gnoll. You hit the gnoll. The gnoll closely misses you.
A gnoll comes into view.
There are monsters nearby!
The gnoll shouts!
You hit the gnoll. You bite the gnoll, but do no damage.
The gnoll barely misses you.
A gnoll comes into view. It is wielding a halberd.
Unknown command.
There is a stone staircase leading up here.
There are monsters nearby!
You hit the gnoll.
You kill the gnoll!
There are monsters nearby!
There are monsters nearby!
There are monsters nearby!
You closely miss the hobgoblin. The hobgoblin closely misses you.
There are monsters nearby!
You barely miss the hobgoblin.
There are monsters nearby!
You hit the hobgoblin.
You kill the hobgoblin!
A gnoll is nearby!
You hit the gnoll but do no damage. The gnoll hits you!
You take 9 damage, and have 22/31 hp.
MASSIVE DAMAGE!!
You closely miss the gnoll. You hit the gnoll. The gnoll misses you.
You barely miss the gnoll. The gnoll closely misses you.
You hit the gnoll. The gnoll hits you!
You take 8 damage, and have 15/31 hp.
MASSIVE DAMAGE!!
You hit the gnoll but do no damage. The gnoll closely misses you.
You barely miss the gnoll. The gnoll hits you.
You take 6 damage, and have 10/31 hp.
You hit the gnoll but do no damage. The gnoll hits you.
* * * LOW HITPOINT WARNING * * *
You take 5 damage, and have 5/31 hp.
You completely miss the gnoll. The gnoll hits you!
You die...

..... ..> .... ..
... .. #.. . .##
..#. ..# . #..#
.... ##!.##..#
.....
#.......#####.....
g...##...g@.......
. .###.##........
...............
..###........#.
≈.. #.#..>..... ..
#.#.....##. .
.......... ..
......### ...
#......


You could see a gnoll.

Vanquished Creatures
  Ijyb (D:2)
  A gnoll (D:3)
  3 adders
  3 worms (D:2)
  3 dart slugs
  A leopard gecko (D:1)
  A ball python (D:1)
  3 giant cockroaches
  5 goblins
  3 hobgoblins
  4 jackals (D:1)
  2 quokkas (D:2)
  8 bats
  4 frilled lizards
  4 kobolds
  7 rats
53 creatures vanquished.

Notes
Turn   | Place    | Note
-------+----------+-------------------------------------------
     0 | D:1      | kroki the Vampire Transmuter began the quest for the Orb.
     0 | D:1      | Reached XP level 1. HP: 14/14 MP: 3/3
   235 | D:1      | Reached XP level 2. HP: 19/20 MP: 5/5
   248 | D:1      | Reached skill level 4 in Unarmed Combat
   249 | D:1      | HP: 4/20 [jackal (3)]
  1233 | D:1      | Reached XP level 3. HP: 24/25 MP: 6/6
  1589 | D:1      | Learned a level 2 spell: Sticks to Snakes
  1593 | D:1      | Learned a level 3 spell: Spider Form
  1661 | D:2      | HP: 1/25 [worm (9)]
  1692 | D:2      | HP: 5/25 [dart slug/slug dart (5)]
  1697 | D:2      | HP: 3/25 [quokka (3)]
  1707 | D:2      | HP: 4/25 [quokka (2)]
  1710 | D:2      | HP: 1/25 [quokka (4)]
  2025 | D:2      | Reached skill level 1 in Poison Magic
  2305 | D:2      | Reached XP level 4. HP: 31/31 MP: 7/7
  2735 | D:2      | Noticed Ijyb
  2751 | D:2      | Killed Ijyb
  2751 | D:2      | Reached skill level 2 in Poison Magic
  2932 | D:3      | HP: 5/31 [gnoll (5)]
  2933 | D:3      | Slain by a gnoll

Skill      XL: |  1  2  3  4 |
---------------+-------------+-----
Unarmed Combat | 4 |  4.9
Poison Magic   | 1 2 |  2.4
Fighting       | |  0.8
Dodging        | |  2.1
Spellcasting   | |  2.0
Transmutations | |  2.8

Action                   |  1- 3 |  4- 6 || total
-------------------------+-------+-------++-------
Melee: Unarmed           |   139 |    67 ||   206
       Bite              |     9 |     3 ||    12
       Punch             |     3 |       ||     3
       Kick              |     6 |       ||     6
       Headbutt          |     1 |     5 ||     6
 Cast: Beastly Appendage |     6 |     4 ||    10
       Sticks to Snakes  |     2 |       ||     2
  Use: Potion            |     8 |     6 ||    14
       Scroll            |     2 |     5 ||     7
Armor: Robe              |    18 |     6 ||    24
Dodge: Dodged            |   107 |    43 ||   150

Vault maps used:
D:1:      dpeg_arrival_refuge
D:2:      uniq_iyjb
D:3:      vehumet_crystals, elyvilon_altar_4, ecumenical_altar_1

Table legend:
 A = Turns spent in this place as a percentage of turns spent in the entire game.
 B = Non-inter-level travel turns spent in this place as a percentage of non-inter-level travel turns spent in the entire game.
 C = Inter-level travel turns spent in this place as a percentage of turns spent in this place.
 D = Turns resting spent in this place as a percentage of non-inter-level travel turns spent in this place.
 E = Turns spent auto-exploring this place as a percentage of non-inter-level travel turns spent in this place.
 F = Non-inter-level travel turns spent in this place divided by the number of levels of this place that you've seen.
                   A       B       C       D       E      F
               +-------+-------+-------+-------+-------+----------------------
         Total | 100.0 | 100.0 |   0.3 |   0.2 |   8.8 | 352.7
       Dungeon | 100.0 | 100.0 |   0.3 |   0.2 |   8.8 | 352.7
               +-------+-------+-------+-------+-------+----------------------

Table legend:
 A = Kills in this place as a percentage of kills in entire the game.
 B = Kills by you in this place as a percentage of kills by you in the entire game.
 C = Kills by friends in this place as a percentage of kills by friends in the entire game.
 D = Other kills in this place as a percentage of other kills in the entire game.
 E = Experience gained in this place as a percentage of experience gained in the entire game.
 F = Experience gained in this place divided by the number of levels of this place that you have seen.
                   A       B       C       D       E      F
               +-------+-------+-------+-------+-------+----------------------
         Total | 100.0 | 100.0 |  -nan |  -nan | 100.0 |  60.7
       Dungeon | 100.0 | 100.0 |  -nan |  -nan | 100.0 |  60.7
               +-------+-------+-------+-------+-------+----------------------
